 Dungeon Crawl Stone Soup version 0.26-a0-466-g989023bd0d (webtiles) character file.

Game seed: 15894356384387614180

105 kae the Insei (level 4, 0/35 HPs)
             Began as a Demonspawn Gladiator on Aug 7, 2020.
             Slain by an orc
             ... wielding a +0 war axe
              (11 damage)
             ... on level 3 of the Dungeon.
             The game lasted 00:01:18 (3081 turns).

kae the Insei (Demonspawn Gladiator)                Turns: 3081, Time: 00:01:18

Health: 0/35       AC:  5    Str: 15    XL:     4   Next: 54%
Magic:  4/4        EV: 12    Int:  9    God:
Gold:   84         SH:  0    Dex: 15    Spells: 3/3 levels left

rFire    . . .     SeeInvis .   d - +0 whip
rCold    . . .     Faith    .   (no shield)
rNeg     . . .     Spirit   .   l - +0 leather armour (curse)
rPois    .         Reflect  .   b - +0 helmet
rElec    .         Harm     .   (no cloak)
rCorr    .                      (no gloves)
MR       .....                  g - +0 pair of boots
Stlth    +.........             (no amulet)
HPRegen  0.11/turn              (no ring)
MPRegen  0.09/turn              (no ring)

@: no status effects
A: demonic guardian 1, powered by death 1
a: no special abilities


You were on level 3 of the Dungeon.
You visited 1 branch of the dungeon, and saw 3 of its levels.

You collected 84 gold pieces.

Inventory:

Hand Weapons
 d - a +0 whip (weapon)
Missiles
 c - 3 throwing nets (quivered)
Armour
 b - a +0 helmet (worn)
 g - a +0 pair of boots (worn)
 l - a cursed +0 leather armour (worn)
Wands
 q - a wand of random effects (23)
Scrolls
 a - 2 scrolls of remove curse {unknown}
 f - 10 scrolls of identify {unknown}
 i - a scroll of blinking {unknown}
 m - a scroll of fear {unknown}
 p - a scroll of amnesia {unknown}
Potions
 e - a potion of magic {unknown}
 h - a potion of heal wounds {unknown}
 j - 3 potions of curing {unknown}
 k - a potion of might {unknown}
 n - a potion of lignification {unknown}
 o - a potion of invisibility {unknown}


   Skills:
 + Level 3.1 Fighting
 - Level 1.7 Throwing
 - Level 2.6 Dodging
 * Level 4.3 Unarmed Combat


You had 3 spell levels left.
You didn't know any spells.
Your spell library was empty.

Dungeon Overview and Level Annotations

Branches:
Dungeon (3/15)

Altars:
Vehumet


Innate Abilities, Weirdness & Mutations

A weak demonic guardian rushes to your aid.
You regenerate a little health from kills.


Message History

The orc cheers noisily.
The orc closely misses you.
Items here: ))) [[ ††.
You barely miss the orc. The orc hits you but does no damage.
You barely miss the orc. The orc hits you with a +0 dagger.
You hit the orc.
The orc is lightly wounded.
The orc hits you with a +0 dagger.
You hit the orc.
The orc is almost dead.
The orc closely misses you.
You hit the orc.
You kill the orc!
You hit the orc.
The orc is severely wounded.
The orc hits you with a +0 war axe.
You hit the orc.
The orc is almost dead.
The orc hits you with a +0 war axe!
You die...

.. ##.#########
#....[.....# #....).###.#
#.####.###.# #.# #.#...#
#.# #.#.###
#.####.#.#############.
###.##........oo@........
<....†...#.....#########.
###.##>.........oo.....#
............#.#o....#.
###....#####.#.'.....+
###### #.###.....#
.............#
.............#
..............#


You could see 2 orcs.

Vanquished Creatures
  Terence (D:3)
  3 adders (D:2)
  An ooze (D:1)
  A worm (D:2)
  2 dart slugs (D:1)
  2 leopard geckos
  4 orcs (D:3)
  4 bats
  4 giant cockroaches
  4 goblins
  6 hobgoblins
  A quokka (D:2)
  A frilled lizard (D:2)
  2 kobolds (D:1)
  4 rats
40 creatures vanquished.

Notes
Turn   | Place    | Note
-------+----------+-------------------------------------------
     0 | D:1      | kae the Demonspawn Gladiator began the quest for the Orb.
     0 | D:1      | Reached XP level 1. HP: 16/16 MP: 1/1
   447 | D:1      | Reached skill level 3 in Unarmed Combat
   558 | D:1      | Gained mutation: You regenerate a little health from kills.
                  | [demonic ancestry]
   558 | D:1      | Reached XP level 2. HP: 22/22 MP: 2/2
  1254 | D:1      | Gained mutation: A weak demonic guardian rushes to your
                  | aid. [demonic ancestry]
  1254 | D:1      | Reached XP level 3. HP: 20/28 MP: 3/3
  2229 | D:2      | Found a radiant altar of Vehumet.
  2774 | D:2      | Reached skill level 4 in Unarmed Combat
  2774 | D:2      | Reached XP level 4. HP: 25/34 MP: 4/4
  2908 | D:3      | Noticed Terence
  2923 | D:3      | Killed Terence
  3081 | D:3      | Slain by an orc

Illustrated notes

Levels and vault maps discovered:
D:1:      dpeg_arrival_signposts, layout_loops_corners
D:2:      layout_loops_ring, lemuel_round_altar, bh_walls_and_bars
D:3:      minmay_razor_zed, layout_basic, lemuel_coloured_pillars_altar,
          uniq_robin, uniq_terence, uniq_crazy_yiuf_cottage

Skill      XL: |  1  2  3  4 |
---------------+-------------+-----
Unarmed Combat | 3 4 |  4.3
Fighting       | 3 |  3.1
Throwing       | |  1.7
Dodging        | |  2.6

Action                   |  1- 3 |  4- 6 || total
-------------------------+-------+-------++-------
Melee: Whip              |   162 |    46 ||   208
       Unarmed           |     8 |       ||     8
       Punch             |     1 |       ||     1
 Stab: Sleeping          |     3 |     1 ||     4
       Distracted        |       |     1 ||     1
Armor: Leather armour    |    46 |     8 ||    54
Dodge: Dodged            |   119 |    28 ||   147

Table legend: (Time is in decaauts)
 A = Elapsed time spent in this place.
 B = Non-inter-level travel time spent in this place.
 C = Inter-level travel time spent in this place.
 D = Time resting spent in this place.
 E = Time spent auto-exploring this place.
 F = Levels seen in this place.
 G = Mean time per level.
                   A        B        C        D        E       F      G
               +--------+--------+--------+--------+--------+-----+--------+
         Total |   3100 |   2931 |    169 |    554 |   1979 |   3 | 1033.3 |
       Dungeon |   3100 |   2931 |    169 |    554 |   1979 |   3 | 1033.3 |
               +--------+--------+--------+--------+--------+-----+--------+

Top non-repeatable levels by time:
     D:1: 1598 daAuts
     D:2: 1315 daAuts
     D:3: 186 daAuts
